AoeStats
← Kulishaak

Arabia

509143058Analyzed
1v1 RM · 6d ago on Sep 25, 2026· 35m 28s· 2 players
Game mode
Random Map
Map size
Tiny (2 player)
Population
200
Speed
Normal
Resources
Standard
Victory
Conquest
Starting age
Dark Age
Ending age
Imperial Age
RankedLock teamsTeams togetherTeam positionsShared explorationLock speedFull tech treeHidden civsTurbo modeCheats
Victory
Defeat
🇨🇿 Saxons · Czechia
1147
+16
🇨🇳 Magyars · China
1137
-16
Chive’Pang
9:30 Feudal Age
11:15 Loom
23:35 Castle Age
22:08 Gold Mining
23:43 Fletching
24:30 Bloodlines
26:43 Padded Archer Armor
30:59 Double-Bit Axe
34:02 Bodkin Arrow
34:38 Ballistics
Kulishaak
1:22 Loom
9:24 Feudal Age
10:01 Double-Bit Axe
10:57 Man-at-Arms
17:04 Fletching
18:29 Scale Mail Armor
18:32 Padded Archer Armor
18:51 Gold Mining
22:27 Scale Mail Armor
22:40 Arson
27:07 Castle Age
26:13 Forging
27:06 Stone Mining
27:34 Crossbowman
28:12 Bodkin Arrow
27:44 Pikeman
28:25 Squires
28:12 Gambesons
30:07 Wheelbarrow
31:42 Leather Archer Armor
34:16 Ballistics
35:31 Thumb Ring
Connection lost

Rejoining the realm…

Still unreachable

The connection could not be restored.

Session expired

The server has moved on; the page needs a fresh start.